 Dungeon Crawl Stone Soup version 0.29.0-3-gbb0933ed62 (webtiles) character file.

Game seed: 6590358245439022980

197 sking99 the Shooter (level 5, -1/47 HPs)
             Began as a Hill Orc Hunter on Aug 25, 2022.
             Slain by a crimson imp (3 damage)
             ... summoned by Natasha
             ... on level 3 of the Dungeon.
             The game lasted 00:06:29 (4239 turns).

sking99 the Shooter (Hill Orc Hunter)               Turns: 4239, Time: 00:06:29

Health: -1/47      AC: 11    Str: 16    XL:     5   Next: 75%
Magic:  5/5        EV:  7    Int:  9    God:
Gold:   93         SH:  0    Dex: 14    Spells: 4/4 levels left

rFire   . . .      SeeInvis .   a - +0 shortbow
rCold   + . .      Faith    .   (shield currently unavailable)
rNeg    . . .      Spirit   .   m - +0 chain mail
rPois   .          Reflect  .   n - +0 helmet
rElec   .          Harm     .   f - +0 cloak
rCorr   .          Rampage  .   c - +0 pair of gloves
Will    .....                   (no boots)
Stlth   ..........              (no amulet)
HPRegen 0.15/turn               i - ring of flight
MPRegen 0.09/turn               p - ring of protection from cold

@: flying, slowed, very slow
A: no striking features
a: no special abilities


You were on level 3 of the Dungeon.
You visited 1 branch of the dungeon, and saw 3 of its levels.

You collected 93 gold pieces.

Inventory:

Hand Weapons
 a - a +0 shortbow (weapon)
Armour
 c - a +0 pair of gloves (worn)
 f - a +0 cloak (worn)
 m - a +0 chain mail (worn)
 n - a +0 helmet (worn)
Jewellery
 i - a ring of flight (left hand)
 p - a ring of protection from cold (right hand)
 s - a +6 ring of intelligence
Scrolls
 b - a scroll of immolation
 g - a scroll of enchant armour {unknown}
 k - 2 scrolls of noise {unknown}
 l - a scroll of teleportation {unknown}
 o - 3 scrolls of identify {unknown}
 r - a scroll of acquirement {unknown}
Potions
 d - 2 potions of degeneration {unknown}
 e - a potion of mutation {unknown}
 h - 2 potions of heal wounds {unknown}
 j - a potion of resistance
 q - 2 potions of attraction {unknown}
 t - a potion of curing {unknown}


   Skills:
 + Level 4.3 Fighting
 * Level 5.4 Ranged Weapons
 + Level 1.0 Armour
 - Level 1.5 Dodging
 - Level 0.7 Stealth


You had 4 spell levels left.
You didn't know any spells.
Your spell library was empty.

Dungeon Overview and Level Annotations

Branches:
Dungeon (3/15)

Altars:

Annotations:
D:3 Natasha


Message History

Fire: a) +0 shortbow
Press: ? - help, Q - select action Shift-Dir - straight line, f/p - Natasha
Aim: Natasha, carrying a wand of light (9) (heavily wounded, 56% to hit)
You shoot an arrow. The arrow hits Natasha.
Natasha is heavily wounded.
Natasha stares at you and mumbles some strange words.
You feel as though you will be slow longer.
The white imp hits you.
* * * LOW HITPOINT WARNING * * *
The white imp freezes you. You resist.
* * * LOW HITPOINT WARNING * * *
The crimson imp hits you but does no damage.
Natasha claws you but does no damage.
The white imp hits you but does no damage.
Fire: a) +0 shortbow
Press: ? - help, Q - select action Shift-Dir - straight line, f/p - Natasha
Aim: Natasha, carrying a wand of light (9) (heavily wounded, 56% to hit)
You shoot an arrow. The arrow hits Natasha!
Natasha is almost dead.
Natasha barely misses you.
The crimson imp hits you but does no damage.
The white imp barely misses you. The crimson imp closely misses you.
Natasha wildly gestures.
You feel disoriented. Natasha claws you but does no damage.
The white imp hits you but does no damage.
The crimson imp hits you but does no damage.
Natasha claws you but does no damage.
The white imp hits you but does no damage.
Fire: a) +0 shortbow
Press: ? - help, Q - select action Shift-Dir - straight line, f/p - Natasha
Aim: Natasha, carrying a wand of light (9) (almost dead, 56% to hit)
You shoot an arrow. The arrow closely misses Natasha.
The crimson imp completely misses you.
Natasha wildly gestures.
You feel troubled.
Natasha zaps a wand.
The bolt of light hits you!
* * * LOW HITPOINT WARNING * * *
The white imp barely misses you. The crimson imp hits you.
You die...

#=# #..............# #.......##.
#.# #..............# #.......###
#.# #.........)....# #.......# #
#.# #..............# #########
#.# #..............#############
#.# #..............##...........
#.# #........##'###.............
#.# #........##5# #.............
#.# ###########@# ##.##.........
#.####........h5# #..##........
#...............'# ..#.#........
###.......[.....##..#..#........
#.)....######..#.# . #........
#......# ##### ###....####
#......# #....# # #......######
#....# # #........(... #....# #


You could see Natasha, a crimson imp (summoned) and a white imp (summoned).

Vanquished Creatures
  Terence (D:2)
  Jessica (D:3)
  Natasha (twice) (D:3)
  Robin (D:1)
  2 adders
  A worm (D:2)
  3 dart slugs
  An orc (D:3)
  3 bats
  3 endoplasms
  3 giant cockroaches (D:1)
  10 goblins
  6 hobgoblins
  2 jackals (D:2)
  11 kobolds
  A quokka (D:1)
  4 ball pythons
  2 frilled lizards (D:3)
  2 rats
59 creatures vanquished.

Notes
Turn   | Place    | Note
-------+----------+-------------------------------------------
     0 | D:1      | sking99 the Hill Orc Hunter began the quest for the Orb.
     0 | D:1      | Reached XP level 1. HP: 18/18 MP: 1/1
   373 | D:1      | Found a faded altar of an unknown god.
   444 | D:1      | Reached XP level 2. HP: 23/25 MP: 2/2
   583 | D:1      | Reached skill level 4 in Ranged Weapons
  1014 | D:1      | Reached XP level 3. HP: 31/31 MP: 3/3
  1162 | D:2      | Noticed Robin
  1605 | D:2      | Noticed Terence
  1750 | D:1      | Killed Robin
  2279 | D:2      | Reached XP level 4. HP: 38/38 MP: 4/4
  2699 | D:2      | Killed Terence
  2950 | D:3      | Reached skill level 5 in Ranged Weapons
  3189 | D:3      | Noticed Jessica
  3328 | D:3      | Killed Jessica
  3329 | D:3      | Reached XP level 5. HP: 39/46 MP: 5/5
  3520 | D:3      | Noticed Natasha
  3530 | D:3      | Killed Natasha
  4086 | D:3      | Noticed Natasha
  4091 | D:3      | Killed Natasha
  4092 | D:3      | Reached skill level 1 in Armour
  4230 | D:3      | Noticed Natasha
  4239 | D:3      | HP: 2/47 [Natasha/bolt of light (8)]
  4239 | D:3      | Slain by a crimson imp

Illustrated notes

Levels and vault maps discovered:
D:1:      wander_arrival_estate, layout_basic, shapermc_ecumenical_altar_ellora,
          minmay_pentomino_u2
D:2:      layout_loops_ring, minmay_misc_feat_more_columns, uniq_terence,
          uniq_robin
D:3:      layout_basic, marbit_many_paths, minmay_goblin_kobold_house,
          uniq_jessica, uniq_natasha

Skill      XL: |  1  2  3  4  5 |
---------------+----------------+-----
Ranged Weapons | 4 5 |  5.4
Fighting       | 3 4 |  4.3
Armour         | 1 |  1.0
Dodging        | |  1.5
Stealth        | |  0.7

Action                   |  1- 3 |  4- 6 || total
-------------------------+-------+-------++-------
Melee: Unarmed           |       |     1 ||     1
 Fire: Shortbow          |   118 |   114 ||   232
Armor: Ring mail         |     9 |       ||     9
       Chain mail        |    35 |    78 ||   113
       Scale mail        |    17 |       ||    17
       Skin              |       |    13 ||    13
Dodge: Dodged            |    59 |    47 ||   106
